Map: Alcyone LE

Players

ИИ 1 (новичок) - Winner!

  • Race: Terran Terran
  • Spawn Location: 7:00

AHumanBeing

  • Race: Terran Terran
  • League: Master
  • Spawn Location: 1:00

VOD

Have the link to the VOD?

Description

Time

  • Played on: Aug. 29, 2024, 3:50 p.m.
  • Length: 8:43
Show
View Real Time Build Order
Export as new Build Order

ИИ 1 (новичок) Terran - Winner!

Build Orders:  

Get SALT Encoding   

  12  0:00  SCV  
  13  0:13  SCV  
  14  0:18  Supply Depot  
  14  0:36  Refinery  
  14  0:41  Barracks  
  14  1:02  Supply Depot  
  14  1:12  Refinery  
  14  1:29  Orbital Command, Barracks Tech Lab  
  14  1:47  Marine  
  15  1:55  SCV  
  16  2:07  SCV  
  17  2:19  SCV  
  18  2:28  Marine  
  19  2:31  SCV  
  20  2:43  SCV  
  21  2:56  SCV  
  22  3:01  Marine  
  22  3:03  Supply Depot  
  23  3:30  Marine  
  24  4:12  Marauder  
  26  6:25  SCV, Marine  
  27  6:28  Factory  
  27  6:30  Supply Depot  
  28  6:33  Command Center  
  28  6:37  SCV  
  29  6:49  SCV  
  30  7:01  SCV  
  31  7:10  Marine  
  31  7:13  SCV, Starport  
  27  7:46  Marine  
  27  7:47  SCV  
  29  7:54  SCV  
  29  7:57  Refinery, Starport Tech Lab  
  30  7:59  Refinery  
  30  8:01  SCV  
  31  8:08  SCV  
  32  8:16  SCV  
  35  8:21  Marine  
  35  8:23  SCV  
  37  8:30  SCV  
Show
View Real Time Build Order
Export as new Build Order

AHumanBeing Terran 

Build Orders: Cyclone Opening 

Get SALT Encoding   

  12  0:00  SCV  
  13  0:12  SCV  
  14  0:17  Supply Depot  
  14  0:24  SCV  
  15  0:39  SCV  
  15  0:40  Barracks  
  16  0:43  Refinery  
  16  0:51  SCV  
  16  0:53  Refinery  
  17  1:03  SCV  
  18  1:15  SCV  
  19  1:28  Reaper, Supply Depot, Orbital Command  
  20  1:42  Factory  
  20  1:53  SCV  
  21  2:03  Reaper  
  21  2:05  SCV  
  23  2:18  SCV  
  23  2:20  Command Center  
  24  2:26  Cyclone  
  26  2:30  SCV  
  26  2:35  Supply Depot  
  27  2:37  Barracks Reactor  
  27  2:42  SCV  
  28  2:54  SCV  
  28  2:55  Starport  
  29  3:04  Cyclone  
  31  3:06  SCV  
  32  3:13  Marine x2  
  32  3:16  Refinery  
  32  3:18  SCV  
  35  3:30  SCV  
  35  3:31  Orbital Command  
  35  3:32  Starport Tech Lab  
  36  3:37  Marine  
  36  3:38  Marine  
  38  3:42  SCV  
  38  3:43  Factory Tech Lab  
  39  3:51  Raven  
  39  3:54  SCV  
  42  3:59  SCV  
  42  4:02  Siege Tank  
  46  4:05  Supply Depot  
  46  4:06  SCV  
  46  4:07  Interference Matrix  
  47  4:11  SCV  
  48  4:18  Supply Depot, SCV  
  49  4:25  Raven, SCV  
  49  4:31  SCV  
  53  4:33  Command Center  
  53  4:37  SCV  
  53  4:38  Siege Tank  
  57  4:39  Marine  
  57  4:41  Marine  
  60  4:45  SCV  
  60  4:46  Supply Depot  
  60  4:49  Refinery, SCV  
  61  4:57  SCV, Marine  
  61  4:58  Marine  
  64  5:00  Barracks  
  64  5:02  Raven  
  64  5:07  SCV  
  67  5:12  Siege Tank, SCV  
  71  5:19  SCV, Marine  
  71  5:20  Marine  
  74  5:25  SCV  
  74  5:26  Barracks  
  75  5:31  SCV  
  75  5:33  Engineering Bay  
  75  5:35  Engineering Bay  
  76  5:37  SCV  
  77  5:43  SCV  
  77  5:44  Orbital Command  
  77  5:47  Supply Depot  
  78  5:50  Viking  
  78  5:52  Viking  
  78  5:55  Stimpack  
  78  5:56  SCV  
  83  5:57  SCV  
  83  5:59  Marine  
  83  6:04  Siege Tank  
  88  6:08  SCV  
  88  6:10  Terran Infantry Weapons Level 1  
  88  6:11  Terran Infantry Armor Level 1  
  89  6:13  Barracks Tech Lab  
  89  6:14  Orbital Command, SCV  
  90  6:21  Marine, Barracks Reactor  
  90  6:23  Viking  
  93  6:26  Viking  
  93  6:31  Supply Depot, SCV  
  93  6:32  SCV  
  97  6:37  Combat Shield  
  97  6:38  Supply Depot, Marine  
  97  6:39  Marine  
  99  6:41  SCV  
  99  6:43  SCV  
  101  6:47  Supply Depot  
  101  6:53  Siege Tank, SCV x2  
  106  6:56  Marine  
  106  6:57  Marine  
  106  6:58  Marine x2  
  106  7:00  Supply Depot, Viking  
  111  7:03  Viking  
  111  7:06  Supply Depot, SCV  
  111  7:07  SCV  
  115  7:08  SCV  
  115  7:14  Marine  
  117  7:18  SCV  
  117  7:19  SCV, Marine  
  117  7:20  SCV  
  117  7:21  Armory  
  121  7:23  Barracks  
  121  7:25  Marine x2  
  121  7:27  Siege Tank  
  121  7:29  Barracks  
  126  7:30  SCV  
  126  7:31  SCV  
  126  7:32  Refinery, SCV  
  126  7:34  Refinery  
  129  7:37  Viking x2  
  129  7:42  SCV  
  129  7:43  SCV  
  135  7:45  Factory, SCV  
  135  7:46  Marine x2  
  135  7:47  Marine  
  140  7:54  SCV  
  140  7:55  Command Center  
  141  7:59  Supply Depot  
  141  8:04  SCV  
  141  8:14  SCV, Marine x4  
  149  8:20  SCV x2  
  149  8:25  Barracks Reactor  
  149  8:26  Barracks Reactor  
  151  8:27  SCV  
  151  8:32  Factory Tech Lab  
Tags
 
League
Master
Matchup
TvTТvТ
Spawn Locations
Cross Positions
Add a new tag
Caveats
  • Supply blocks, unpowered buildings, or Contaminate may cause inaccurate times.
  • Supply counts are checked every 10 seconds.